 Dungeon Crawl Stone Soup version 0.18.1-48-g4cf74bf (webtiles) character file.

31 enrique the Chopper (level 3, -7/33 HPs)
             Began as a Minotaur Berserker on July 29, 2016.
             Was a Follower of Trog.
             Mangled by Crazy Yiuf
             ... wielding a +4 quarterstaff of chaos
              (8 damage)
             ... on level 2 of the Dungeon.
             The game lasted 00:07:01 (724 turns).

enrique the Chopper (Minotaur Berserker)             Turns: 724, Time: 00:07:01

Health: -7/33      AC:  5    Str: 22    XL:     3   Next: 7%
Magic:  2/2        EV: 11    Int:  4    God:    Trog [*.....]
Gold:   32         SH:  0    Dex:  9    Spells: 0 memorised, 2 levels left

rFire  . . .     SeeInvis .     a - +0 hand axe
rCold  . . .     Gourm    .     i - +0 ring mail
rNeg   . . .     Faith    .     (no shield)
rPois  .         Spirit   .     (helmet restricted)
rElec  .         Dismiss  .     (no cloak)
rCorr  .         Reflect  .     (no gloves)
SustAt .         Harm     .     (no boots)
MR     .....                    (no amulet)
Stlth  ..........               (no ring)
                                (no ring)

@: very slightly contaminated, hasted, very quick, not resistant to hostile
enchantments, extremely unstealthy
A: retaliatory headbutt, horns 2
a: Berserk, Burn Spellbooks, Renounce Religion


You were on level 2 of the Dungeon.
You worshipped Trog.
Trog was aware of your devotion.
You were not hungry.

You visited 1 branch of the dungeon, and saw 3 of its levels.

You collected 32 gold pieces.

Inventory:

Hand Weapons
 a - a +0 hand axe (weapon)
 e - a cursed -1 whip
 h - a +1 short sword of venom
 j - a +0 dagger
 n - a +0 hunting sling
Armour
 b - a +0 animal skin
 f - a +0 helmet
 i - a +0 ring mail (worn)
 p - a +0 robe
 q - a +0 leather armour
 s - a +0 robe
Scrolls
 d - a scroll of random uselessness {unknown}
 g - 3 scrolls of identify {unknown}
 l - 2 scrolls of noise {unknown}
 m - 3 scrolls of remove curse {unknown}
 o - a scroll of teleportation {unknown}
 r - a scroll of enchant weapon {unknown}
Potions
 k - a potion of lignification {unknown}
Comestibles
 c - a bread ration


   Skills:
 + Level 4.1 Fighting
 + Level 4.2 Axes
 + Level 2.9 Armour
 + Level 2.3 Dodging
 + Level 0.1 Stealth


You had 2 spell levels left.
You didn't know any spells.

Dungeon Overview and Level Annotations

Branches:
Dungeon (3/15)

Altars:

Annotations:
D:2 Crazy Yiuf


Innate Abilities, Weirdness & Mutations

You reflexively headbutt those who attack you in melee.
You have a pair of horns on your head.


Message History

The fungus is severely damaged.
You hit the fungus. You headbutt the fungus.
You destroy the fungus!
Found a mace.
Crazy Yiuf the Enlightened comes into view.
He is wielding a quarterstaff of chaos.
Crazy Yiuf shouts!
Crazy Yiuf drinks a potion.
Crazy Yiuf suddenly seems more agile.
Crazy Yiuf hits you with a quarterstaff of chaos.
Crazy Yiuf burns you.
* * * LOW HITPOINT WARNING * * *
You barely miss Crazy Yiuf.
You headbutt Crazy Yiuf, but do no damage.
Crazy Yiuf hits you but does no damage.
You feel yourself speed up.
You are very lightly contaminated with residual magic.
You barely miss Crazy Yiuf. You barely miss Crazy Yiuf.
Crazy Yiuf hits you with a quarterstaff of chaos!
* * * LOW HITPOINT WARNING * * *
You are electrocuted!
You die...

...#.# ...#..
####.# #.#.. #
#..†# ####..#
#.....# #.#####
#### ♣♣###.#
#)..#♣♣ ♣♣.....#
#..g@.♣♣♣♣......#
#...#♣..♣.♣....##
#### ♣♣♣.♣....##
♣♣♣♣♣###


You could see Crazy Yiuf.

Vanquished Creatures
  An adder (D:2)
  3 dart slugs (D:2)
  2 giant cockroaches
  2 goblins
  2 hobgoblins (D:2)
  A bat (D:1)
  A giant newt (D:2)
  2 kobolds (D:2)
  4 rats (D:2)
  5 fungi (D:2)
23 creatures vanquished.

Notes
Turn   | Place    | Note
--------------------------------------------------------------
     0 | D:1      | enrique the Minotaur Berserker began the quest for the Orb.
     0 | D:1      | Reached XP level 1. HP: 19/19 MP: 0/0
   226 | D:2      | Reached XP level 2. HP: 21/27 MP: 1/1
   635 | D:2      | Reached XP level 3. HP: 11/33 MP: 2/2
   718 | D:2      | Noticed Crazy Yiuf
   724 | D:2      | HP: 1/33 [Crazy Yiuf/quarterstaff of chaos (7)]
   724 | D:2      | Mangled by Crazy Yiuf

Skill      XL: |  1  2 |
---------------+-------+-----
Axes           | 4 |  4.2
Fighting       | 4 |  4.1
Armour         | |  2.9
Dodging        | |  2.3
Stealth        | |  0.1

Action                   || total
-------------------------++-------
Melee: Hand axe          ||    69
       Headbutt          ||    18
  Use: Potion            ||     1
Armor: Animal skin       ||     5
       Ring mail         ||     4
Dodge: Dodged            ||    22
